 Dungeon Crawl Stone Soup version 0.29.0 (webtiles) character file.

Game seed: 5013532793953271329

285 lyrin the Shooter (level 6, -40/46 HPs)
             Began as a Demonspawn Hunter on Sept 4, 2022.
             Was a Follower of Cheibriados.
             Killed by an exploding kobold brigand (41 damage)
             ... ignited by their inner flame
             ... in a sewer.
             The game lasted 00:05:21 (2202 turns).

lyrin the Shooter (Demonspawn Hunter)               Turns: 2202, Time: 00:05:21

Health: -40/46     AC:  8    Str: 20    XL:     6   Next: 7%
Magic:  6/6        EV: 12    Int: 13    God:    Cheibriados [*.....]
Gold:   143        SH:  0    Dex: 22    Spells: 5/5 levels left

rFire   . . .      SeeInvis .   a - +0 shortbow
rCold   . . .      Faith    .   (shield currently unavailable)
rNeg    . . .      Spirit   .   q - +3 ring mail of the Shore {Regen+}
rPois   .          Reflect  .   (no helmet)
rElec   .          Harm     .   (no cloak)
rCorr   .          Rampage  .   (no gloves)
Will    .....                   (no boots)
Stlth   +.........              (no amulet)
HPRegen 0.95/turn               e - +6 ring of strength
MPRegen 0.10/turn               (no ring)

@: very slow
A: hooves 2, foul stench 1
a: Renounce Religion, Bend Time


You were in a sewer.
You worshipped Cheibriados.
Cheibriados was aware of your devotion.
You visited 1 branch of the dungeon, and saw 3 of its levels.
You also visited: Sewer.

You collected 143 gold pieces.

Inventory:

Hand Weapons
 a - a +0 shortbow (weapon)
 j - a +0 short sword
 w - a +2 dagger of flaming
Armour
 q - the +3 ring mail of the Shore (worn) {Regen+}
   (You found it on level 2 of the Dungeon)

   Regen:     It increases your rate of health regeneration.
Jewellery
 e - a +6 ring of strength (left hand)
Wands
 v - a wand of polymorph (10)
Scrolls
 d - a scroll of butterflies {unknown}
 h - a scroll of identify {unknown}
 k - a scroll of poison {unknown}
 l - a scroll of teleportation {unknown}
 t - a scroll of brand weapon {unknown}
 u - a scroll of magic mapping {unknown}
Potions
 c - a potion of berserk rage {unknown}
 f - 2 potions of attraction {unknown}
 g - 2 potions of magic {unknown}
 i - a potion of haste {unknown}
 m - a potion of heal wounds {unknown}
 n - a potion of flight {unknown}
 o - 2 potions of mutation {unknown}
 p - a potion of lignification {unknown}
 r - a potion of degeneration {unknown}
 s - 3 potions of might {unknown}


   Skills:
 + Level 2.9 Fighting
 + Level 6.1 Ranged Weapons
 + Level 1.0 Armour
 + Level 1.9 Dodging
 - Level 0.8 Stealth
 + Level 0.4 Unarmed Combat


You had 5 spell levels left.
You didn't know any spells.
Your spell library was empty.

Dungeon Overview and Level Annotations

Branches:
Dungeon (3/15)              Sewer (1/1)

Altars:
Ashenzari
Cheibriados


Innate Abilities, Weirdness & Mutations

You have hoof-like feet.
You may rarely emit foul miasma when damaged in melee.


Message History

The kobold brigand closely misses you.
The kobold brigand splashes around in the water.
Your Ranged Weapons skill increases to level 6!
Your Armour skill increases to level 1!
You have reached level 6!
Your demonic ancestry asserts itself...
Your feet thicken and deform.
You shoot an arrow. The arrow hits the kobold brigand.
The kobold brigand is lightly wounded.
The kobold closely misses you. x2
The kobold brigand hits you with a +0 short sword.
Unknown command.
Really read the scroll of immolation?
As you read the scroll of immolation, it crumbles to dust.
The creatures around you are filled with an inner flame!
The kobold closely misses you.
The kobold splashes around in the water.
The kobold brigand hits you but does no damage.
Fire: a) +0 shortbow
Press: ? - help, Q - select action, (/) - cycle Shift-Dir - straight line, f - kobold, p - kobold brigand
Aim: a kobold, wielding a +0 short sword (inner flame, 61% to hit)
You shoot an arrow. The arrow hits the kobold!
Cheibriados appreciates the change of pace.
You hear a splash.
The kobold explodes!
The fiery explosion engulfs you!!
Ouch! That really hurt!
* * * LOW HITPOINT WARNING * * *
The fiery explosion engulfs the kobold!!
Cheibriados appreciates the change of pace.
You hear a splash.
The fiery explosion engulfs the kobold brigand!!
Cheibriados appreciates the change of pace.
You hear a splash. x2
The fiery explosion engulfs the kobold!!
Cheibriados appreciates the change of pace.
The kobold explodes!
The kobold brigand explodes!
The fiery explosion engulfs you!!!
Ouch! That really hurt!
You die...

### #∩# ############
###.###.~....~...#
#####.....~~~..~~~~~.# .
≈≈≈~~~~~~~~~~~~~≈≈≈~.#..
≈≈≈≈≈≈≈≈≈≈≈≈≈≈≈≈≈≈≈~~...
≈≈≈≈~~~~≈~~~~~~~§§§~.#
#####.......~..~§§§§~#
#######~~.~.@§§..#
##~######### #~# #~# #~#
#~# #~# #~# #~#


There were no monsters in sight!

Vanquished Creatures
  2 kobold brigands (Sewer)
  2 orc priests (D:3)
  Jessica (D:3)
  5 adders
  A river rat (Sewer)
  A worm (D:2)
  2 dart slugs
  2 orcs (D:3)
  8 endoplasms
  2 giant cockroaches
  8 goblins
  7 hobgoblins
  2 jackals (D:3)
  7 kobolds
  A quokka (D:1)
  5 ball pythons
  9 bats
  4 frilled lizards
  9 rats
78 creatures vanquished.

Notes
Turn   | Place    | Note
-------+----------+-------------------------------------------
     0 | D:1      | lyrin the Demonspawn Hunter began the quest for the Orb.
     0 | D:1      | Reached XP level 1. HP: 16/16 MP: 1/1
   181 | D:1      | Reached skill level 4 in Ranged Weapons
   250 | D:1      | Gained mutation: You have large cloven feet. [demonic
                  | ancestry]
   250 | D:1      | Reached XP level 2. HP: 20/22 MP: 2/2
   691 | D:1      | Found a faded altar of an unknown god.
  1103 | D:2      | Gained mutation: You may rarely emit foul miasma when
                  | damaged in melee. [demonic ancestry]
  1103 | D:2      | Reached XP level 3. HP: 27/27 MP: 3/3
  1222 | D:2      | Identified the +3 ring mail of the Shore {Regen+}
  1658 | D:3      | Found a snail-covered altar of Cheibriados.
  1677 | D:3      | Became a worshipper of Cheibriados the Contemplative
  1839 | D:3      | Noticed Jessica
  1853 | D:3      | Killed Jessica
  1854 | D:3      | Reached skill level 5 in Ranged Weapons
  1854 | D:3      | Reached XP level 4. HP: 33/33 MP: 4/4
  1872 | D:3      | Reached XP level 5. HP: 34/39 MP: 5/5
  1913 | D:3      | Reached * piety under Cheibriados
  1950 | D:3      | Found a broken altar of Ashenzari.
  2115 | D:3      | Found a glowing drain.
  2128 | Sewer    | Entered a sewer
  2200 | Sewer    | Reached skill level 6 in Ranged Weapons
  2200 | Sewer    | Reached skill level 1 in Armour
  2200 | Sewer    | Gained mutation: You have hoof-like feet. [demonic
                  | ancestry]
  2200 | Sewer    | Reached XP level 6. HP: 38/46 MP: 6/6
  2202 | Sewer    | HP: 1/46 [spore (34)]
  2202 | Sewer    | Killed by an exploding kobold brigand... ignited by their
                  | inner flame

Illustrated notes

Levels and vault maps discovered:
D:1:      lemuel_arrival_room, layout_loops_ring,
          chequers_ecumenical_altar_grove
D:2:      layout_loops_ring
D:3:      minmay_recursive_quarters, layout_loops_ring, old_standard_altar,
          ashenzari_conservatory_becter, portal_sewer_entry_d, uniq_jessica
Sewer:    sewer_kobolds

Skill      XL: |  1  2  3  4  5 |
---------------+----------------+-----
Ranged Weapons | 4 5 6 |  6.1
Armour         | 1 |  1.0
Fighting       | |  2.9
Dodging        | |  1.9
Stealth        | |  0.8
Unarmed Combat | |  0.4

Action                   |  1- 3 |  4- 6 || total
-------------------------+-------+-------++-------
Melee: Unarmed           |     1 |       ||     1
 Fire: Shortbow          |   141 |    65 ||   206
  Use: Scroll            |       |     1 ||     1
Armor: Leather armour    |    10 |       ||    10
       Ring mail         |     3 |    21 ||    24
Dodge: Dodged            |    25 |    28 ||    53
